 Dungeon Crawl Stone Soup version 0.30.0-5-g1a98f26d00 (webtiles) character file.

Game seed: 4815607022461297460

85 Exaltedone87 the Covered (level 4, -1/40 HPs)
             Began as an Armataur Fighter on May 9, 2023.
             Slain by an orc
             ... wielding a +0 trident
              (7 damage)
             ... on level 2 of the Dungeon.
             The game lasted 00:02:33 (1667 turns).

Exaltedone87 the Covered (Armataur Fighter)         Turns: 1667, Time: 00:02:34

Health: -1/40      AC:  8    Str: 21    XL:     4   Next: 25%
Magic:  4/4        EV:  5    Int:  9    God:
Gold:   33         SH:  9    Dex: 11    Spells: 3/3 levels left

rFire   . . .        a - +0 flail
rCold   + . .        c - +0 buckler
rNeg    . . .        l - +0 chain mail
rPois   .            (no helmet)
rElec   .            (no cloak)
rCorr   .            (no gloves)
SInv    .            (no barding)
Will    +....        i - amulet of reflection Stlth
                     e - ring of willpower
HPRegen 0.26/turn    f - ring of protection from cold
MPRegen 0.09/turn

%: reflection, roll
@: no status effects
A: large, rugged brown scales 3, deformed body, armoured tail, roll, long
tongue, awkward tongue
a: no special abilities


You were on level 2 of the Dungeon.
You visited 1 branch of the dungeon, and saw 2 of its levels.

You collected 33 gold pieces.

Inventory:

Hand Weapons
 a - a +0 flail (weapon)
Armour
 c - a +0 buckler (worn)
 l - a +0 chain mail (worn)
Jewellery
 e - a ring of willpower (left hand)
 f - a ring of protection from cold (right hand)
 i - an amulet of reflection (around neck)
Potions
 d - a potion of might
 g - a potion of ambrosia


   Skills:
 + Level 3.2 Fighting
 * Level 2.9 Maces & Flails
 + Level 4.2 Armour
 + Level 3.8 Shields


You had 3 spell levels left.
You didn't know any spells.
Your spell library contained the following spells:

 Spells                   Type           Power      Damage    Failure   Level
 Sandblast                Erth           0%         2d4       98%         1
 Passwall                 Tmut/Erth      0%         N/A       99%         2
 Stone Arrow              Conj/Erth      0%         3d7       100%        3


Dungeon Overview and Level Annotations

Branches:
Dungeon (2/15)

Altars:


Innate Abilities, Weirdness & Mutations

You are completely covered in rugged brown scales. (AC +3, +7% HP)
Armour fits poorly on your strangely shaped body.
You have a long armoured tail.
You roll when moving toward enemies. (Rampage)
Your long tongue fully drains potion bottles. (2x potion effects)
Your tongue gives you trouble enunciating. (1.5x scroll delay)


Message History

The orc attacks as you move away! The orc hits you but does no damage.
The orc barely misses you.
The orc priest hits you but does no damage.
The orc attacks as you move away! You block the orc's attack.
The orc priest casts a cantrip, but nothing happens.
The orc attacks as you move away! The orc hits you but does no damage.
The orc attacks as you move away! The orc hits you with a +0 short sword.
You hit the orc.
The orc is severely wounded.
The orc barely misses you.
You hit the orc but do no damage.
The orc is severely wounded.
The orc hits you with a +0 short sword.
The orc priest calls upon Beogh to heal the orc.
The orc's wounds heal themselves!
The orc hits you with a +0 short sword.
You hit the orc.
The orc is almost dead.
You block the orc's attack.
You hit the orc.
You kill the orc!
You closely miss the orc priest.
You tail-slap the orc priest, but do no damage.
The orc priest hits you with a +0 short sword.
The orc priest mumbles some strange prayers to Beogh against you.
Beogh smites you!
* * * LOW HITPOINT WARNING * * *
The orc hits you but does no damage.
The orc priest calls down the wrath of Beogh upon you.
Pain shoots through your body!
* * * LOW HITPOINT WARNING * * *
You hit the orc priest.
Your tail-slap misses the orc priest.
The orc priest is heavily wounded.
You block the orc's attack. You block the orc priest's attack.
You hit the orc priest.
The orc priest is severely wounded.
The orc hits you but does no damage. The orc priest barely misses you.
You closely miss the orc priest.
The orc priest is severely wounded.
The orc hits you from afar with a +0 trident!
You die...

*,,,*
*..,,,,**,,,,
*,,,*
*#.#**+***,,,,
*****
*..##*,,**,,,,
#####...###,,*,,,,
#o...........#,,,,
#{#.......#..#,,,,
#o#o8o..8.#..#,,,,
#o#.......#..#****
#@#o{.....#..#
#.#.......#..#
#.#.8...8.#..##
#.#.......#...#
#.##.....##.#.#
#.###$⌠$###.#.####
#..#######..#.....
##.........####...
#####.##### #...


You could see 2 orc priests and an orc.

Vanquished Creatures
  An adder (D:2)
  3 dart slugs (D:1)
  6 orcs (D:2)
  3 ball pythons
  8 endoplasms
  4 giant cockroaches (D:1)
  6 goblins
  4 hobgoblins (D:1)
  4 jackals (D:1)
  A quokka (D:2)
  4 bats
  4 frilled lizards
  5 kobolds
  3 rats (D:1)
56 creatures vanquished.

Vanquished Creatures (others)
  An orc (D:2)
1 creature vanquished.

Grand Total: 57 creatures vanquished

Notes
Turn   | Place    | Note
-------+----------+-------------------------------------------
     0 | D:1      | Exaltedone87 the Armataur Fighter began the quest for the
                  | Orb.
     0 | D:1      | Reached XP level 1. HP: 19/19 MP: 1/1
   111 | D:1      | Reached XP level 2. HP: 22/26 MP: 2/2
   353 | D:1      | Reached XP level 3. HP: 12/32 MP: 3/3
   354 | D:1      | Reached skill level 4 in Armour
  1259 | D:2      | Found a faded altar of an unknown god.
  1338 | D:2      | Reached XP level 4. HP: 38/40 MP: 4/4
  1667 | D:2      | Slain by an orc

Illustrated notes

Levels and vault maps discovered:
D:1:      dpeg_arrival_prison, layout_basic, hex_intersection,
          hangedman_decor_opposing
D:2:      cheibrodos_pilgrimage, layout_basic,
          hellmonk_ecumenical_altar_defaced_shrine, item_on_display_a

Skill      XL: |  1  2  3 |
---------------+----------+-----
Maces & Flails | 2 |  2.9
Fighting       | 3 |  3.2
Armour         | 4 |  4.2
Shields        | |  3.8

Action                     |  1- 3 |  4- 6 || total
---------------------------+-------+-------++-------
  Melee: Flail             |   129 |    39 ||   168
         Tailslap          |    10 |     6 ||    16
    Use: Scroll            |     3 |     3 ||     6
 Armour: Scale mail        |    75 |    14 ||    89
         Chain mail        |       |     6 ||     6
  Dodge: Dodged            |    39 |    15 ||    54
  Block: Buckler           |    35 |    11 ||    46
